 Dungeon Crawl Stone Soup version 0.28-a0-1159-g27aa881441 (webtiles) character file.

Game seed: 18167511987901417860

744852 frimble the Slayer (level 27, -2/231 HPs)
             Began as a Demonspawn Warper on Dec 16, 2021.
             Was a High Priest of Cheibriados.
             Killed from afar by a balrug (13 damage)
             ... with a bolt of fire
             ... on level 18 of a ziggurat.
             The game lasted 02:41:25 (77400 turns).

frimble the Slayer (Demonspawn Warper)             Turns: 77400, Time: 02:41:26

Health: -2/231     AC: 16    Str: 30    XL:     27
Magic:  12/37      EV: 29    Int: 40    God:    Cheibriados [*****.]
Gold:   6231       SH: 20    Dex: 25    Spells: 13/46 levels left

rFire   + + .      SeeInvis +   r - +9 double sword (vorpal)
rCold   + + +      Faith    .   i - +5 kite shield {rC+}
rNeg    + . .      Spirit   .   j - +4 troll leather armour
rPois   +          Reflect  .   (helmet unavailable)
rElec   +          Harm     .   E - +2 cloak of Haajik {rF+ Str+2}
rCorr   +          Rampage  .   m - +1 pair of gloves of the Little Devil {+Inv Will+}
Will    ++++.                   d - +1 pair of boots of Ojumniph {rElec rC+ SInv}
Stlth   ++........              I - amulet of magic regeneration
HPRegen 2.08/turn               Q - ring "Ajurun" {rF+ rN+ Slay+5}
MPRegen 0.65/turn               Y - ring of Tesmuun {Drain rPois rC++ Will+ rCorr}

@: studying 3 skills, repel missiles, unable to read, very slow
A: antennae 3, repulsion field 3, icemail 2, powered by pain 3, augmentation 3,
condensation shield, clever 1, clumsy 1, regeneration 1, screaming 1, weak 1,
wild magic 1, no potion heal 1
}: 5/15 runes: serpentine, barnacled, slimy, silver, abyssal
a: Renounce Religion, Evoke Invisibility, Bend Time, Temporal Distortion,
Slouch, Step From Time


You were on level 18 of a ziggurat.
You worshipped Cheibriados.
Cheibriados was extremely pleased with you.
You visited 11 branches of the dungeon, and saw 54 of its levels.
You visited the Abyss 3 times.
You visited 1 ziggurat, and saw 18 of its levels.
You also visited: Ossuary, Bailey and Gauntlet.

You collected 12246 gold pieces.
You spent 6015 gold pieces at shops.

Inventory:

Hand Weapons
 r - a +9 vorpal double sword (weapon)
Missiles
 t - 18 throwing nets
 x - 9 silver javelins
 G - 20 javelins (quivered)
Armour
 d - the +1 pair of boots of Ojumniph (worn) {rElec rC+ SInv}
   (You acquired it on level 4 of the Realm of Zot)

   rC:        It protects you from cold.
   rElec:     It insulates you from electricity.
   SInv:      It lets you see invisible.
 i - a +5 kite shield of cold resistance (worn)
 j - a +4 troll leather armour (worn)
 m - the +1 pair of gloves of the Little Devil (worn) {+Inv Will+}
   (You acquired it on level 12 of a ziggurat)

   +Inv:      It lets you turn invisible.
   Will:      It increases your willpower.
 n - a +1 tower shield of protection
 E - the +2 cloak of Haajik (worn) {rF+ Str+2}
   (You found it in a Gauntlet)

   Str:       It affects your strength (+2).
   rF:        It protects you from fire.
 K - a +1 cloak of preservation
Jewellery
 h - the ring of Xom's Full Attention {rC+ Int+6}
   (You acquired it on level 12 of a ziggurat)

   [ring of intelligence]

   Int:       It affects your intelligence (+6).
   rC:        It protects you from cold.
 A - the ring "Zora" {rF+ Int+3 Slay+2 SInv}
   (You acquired it on level 1 of the Vaults)

   [ring of protection from fire]

   Int:       It affects your intelligence (+3).
   Slay:      It affects your accuracy & damage with ranged weapons and melee
   (+2).
   rF:        It protects you from fire.
   SInv:      It lets you see invisible.
 C - a ring of resist corrosion
 I - an amulet of magic regeneration (around neck)
 M - a ring of protection from cold
 Q - the ring "Ajurun" (left hand) {rF+ rN+ Slay+5}
   (You acquired it on level 12 of a ziggurat)

   [ring of protection from fire]

   Slay:      It affects your accuracy & damage with ranged weapons and melee
   (+5).
   rF:        It protects you from fire.
   rN:        It protects you from negative energy.
 Y - the ring of Tesmuun (right hand) {Drain rPois rC++ Will+ rCorr}
   (You found it on level 17 of a ziggurat)

   [ring of willpower]

   rC:        It greatly protects you from cold.
   rPois:     It protects you from poison.
   rCorr:     It protects you from acid and corrosion.
   Drain:     It drains your maximum health when unequipped.
   Will:      It increases your willpower.
Wands
 F - a wand of iceblast (67)
 J - a wand of digging (15)
 O - a wand of acid (12)
Scrolls
 b - 8 scrolls of fog
 f - 12 scrolls of blinking
 g - 60 scrolls of identify
 l - 17 scrolls of magic mapping
 q - 2 scrolls of summoning
 s - 31 scrolls of teleportation
 u - 3 scrolls of enchant armour
 v - 11 scrolls of enchant weapon
 y - 10 scrolls of immolation
 D - 6 scrolls of silence
 H - 9 scrolls of amnesia
 R - 2 scrolls of brand weapon
 S - 7 scrolls of fear
Potions
 a - 9 potions of berserk rage
 c - 13 potions of flight
 e - 6 potions of magic
 k - 8 potions of ambrosia
 o - 4 potions of resistance
 p - 8 potions of attraction
 w - 16 potions of curing
 z - 7 potions of might
 B - 4 potions of cancellation
 P - a potion of lignification
 T - 8 potions of mutation
 U - 5 potions of invisibility
 V - 7 potions of brilliance
 X - 5 potions of heal wounds
Miscellaneous
 L - a phantom mirror
 N - a tin of tremorstones (2/2)
 W - a box of beasts
 Z - a condenser vane (inert)


   Skills:
 - Level 22.0 Fighting
 - Level 6.2(14.0) Short Blades
 - Level 19.3(19.6) Long Blades
 - Level 12.0 Throwing
 - Level 4.2 Armour
 - Level 15.0 Dodging
 - Level 2.3 Stealth
 - Level 15.0 Shields
 - Level 10.0 Spellcasting
 - Level 6.1 Translocations
 - Level 14.0 Transmutations
 - Level 20.0 Fire Magic
 + Level 17.1 Earth Magic
 - Level 5.0 Poison Magic
 - Level 18.0 Invocations
 - Level 14.0 Evocations


You had 13 spell levels left.
You knew the following spells:

 Your Spells              Type           Power      Damage    Failure   Level
a - Blink                 Tloc           100%       N/A       1%          2
b - Teleport Other        Tloc           74%        N/A       1%          3
c - Ignite Poison         Fire/Tmut/Pois 100%       N/A       1%          3
d - Statue Form           Tmut/Erth      74%        N/A       1%          6
e - Passwall              Tmut/Erth      93%        N/A       1%          2
f - Ignition              Fire           62%        3d17      6%          8
g - Shatter               Erth           58%        3d44*     91%         9

Your spell library contained the following spells:

 Spells                   Type           Power      Damage    Failure   Level
 Beastly Appendage        Tmut           100%       N/A       1%          1
 Foxfire                  Conj/Fire      100%       2x1d9     1%          1
 Sandblast                Erth           100%       2d20      1%          1
 Sting                    Tmut/Pois      100%       1d8       1%          1
 Scorch                   Fire           100%       2d10      1%          2
 Wereblood                Tmut           100%       N/A       1%          2
 Conjure Flame            Conj/Fire      92%        6-21      1%          3
 Gell's Gravitas          Tloc           74%        N/A       1%          3
 Inner Flame              Hex/Fire       92%        N/A       1%          3
 Lesser Beckoning         Tloc           74%        N/A       1%          3
 Spider Form              Tmut/Pois      90%        N/A       1%          3
 Stone Arrow              Conj/Erth      100%       3d13      1%          3
 Animate Armour           Summ/Erth      100%       N/A       1%          4
 Flame Wave               Conj/Fire      92%        2d13      1%          4
 Leda's Liquefaction      Hex/Erth       43%        N/A       1%          4
 Petrify                  Tmut/Erth      100%       N/A       1%          4
 Sticky Flame             Conj/Fire      92%        2d10      1%          4
 Blade Hands              Tmut           53%        N/A       1%          5
 Fireball                 Conj/Fire      46%        3d18      1%          5
 Lee's Rapid Deconstruct  Erth           58%        3d28*     1%          5
 Poisonous Vapours        Pois/Air       100%       N/A       2%          2
 Ice Form                 Ice/Tmut       78%        N/A       2%          4
 Alistair's Intoxication  Tmut/Pois      60%        N/A       2%          5
 Animate Skeleton         Necr           52%        N/A       3%          1
 Freeze                   Ice            100%       1d11      3%          1
 Magic Dart               Conj           100%       1d8       3%          1
 Pain                     Necr           100%       1d9       3%          1
 Shock                    Conj/Air       100%       1d9       3%          1
 Slow                     Hex            100%       N/A       3%          1
 Summon Small Mammal      Summ           100%       N/A       3%          1
 Portal Projectile        Hex/Tloc       100%       N/A       3%          3
 Borgnjor's Vile Clutch   Necr/Erth      43%        N/A       3%          5
 Olgreb's Toxic Radiance  Pois           67%        N/A       4%          4
 Call Imp                 Summ           26%        N/A       5%          2
 Corpse Rot               Necr/Air       52%        N/A       5%          2
 Ensorcelled Hibernation  Hex/Ice        52%        N/A       5%          2
 Searing Ray              Conj           52%        2d6       5%          2
 Static Discharge         Conj/Air       26%        N/A       5%          2
 Sublimation of Blood     Necr           26%        N/A       5%          2
 Mephitic Cloud           Conj/Pois/Air  43%        N/A       5%          3
 Yara's Violent Unravell  Hex/Tmut       39%        3d16      5%          5
 Manifold Assault         Tloc           74%        N/A       7%          5
 Starburst                Conj/Fire      46%        6d13      8%          6
 Iskenderun's Mystic Bla  Conj/Tloc      55%        2d12      9%          4
 Call Canine Familiar     Summ           26%        N/A       10%         3
 Confusing Touch          Hex            26%        N/A       10%         3
 Dazzling Flash           Conj/Hex       52%        N/A       10%         3
 Frozen Ramparts          Ice            52%        1d7       10%         3
 Ozocubu's Armour         Ice            26%        N/A       10%         3
 Summon Guardian Golem    Hex/Summ       26%        N/A       10%         3
 Swiftness                Air            26%        N/A       10%         3
 Vampiric Draining        Necr           26%        2d7       10%         3
 Eringya's Noxious Bog    Tmut/Pois      45%        N/A       10%         6
 Iron Shot                Conj/Erth      43%        9d8       13%         6
 Summon Forest            Summ/Tloc      27%        N/A       22%         5
 Airstrike                Air            13%        N/A       26%         4
 Cause Fear               Hex            13%        N/A       26%         4
 Dispel Undead            Necr           26%        3d13      26%         4
 Fulminant Prism          Conj/Hex       13%        3d9       26%         4
 Hailstorm                Conj/Ice       26%        3d7       26%         4
 Summon Ice Beast         Ice/Summ       26%        N/A       26%         4
 Summon Lightning Spire   Summ/Air       26%        N/A       26%         4
 Dispersal                Tloc           37%        N/A       32%         6
 Freezing Cloud           Conj/Ice/Air   13%        6-21      56%         5
 Lightning Bolt           Conj/Air       13%        1d26      56%         5
 Metabolic Englaciation   Hex/Ice        13%        N/A       56%         5
 Summon Mana Viper        Hex/Summ       26%        N/A       56%         5
 Storm Form               Tmut/Air       39%        N/A       75%         7
 Conjure Ball Lightning   Conj/Air       13%        3x3d6     98%         6
 Death Channel            Necr           13%        N/A       98%         6
 Simulacrum               Ice/Necr       13%        N/A       98%         6
 Summon Cactus Giant      Summ           13%        N/A       98%         6
 Malign Gateway           Summ/Tloc      27%        N/A       99%         7
 Lehudib's Crystal Spear  Conj/Erth      43%        10d10     99%         8
 Haunt                    Necr/Summ      13%        N/A       100%        7
 Monstrous Menagerie      Summ           13%        N/A       100%        7
 Summon Hydra             Summ           13%        N/A       100%        7
 Discord                  Hex            13%        N/A       100%        8
 Disjunction              Tloc           37%        N/A       100%        8
 Maxwell's Capacitive Co  Air            13%        ∞         100%        8
 Summon Horrible Things   Summ           13%        N/A       100%        8
 Chain Lightning          Conj/Air       13%        3d17      100%        9
 Fire Storm               Conj/Fire      46%        8d12      100%        9


Dungeon Overview and Level Annotations

Branches:
Dungeon (15/15)            Temple (1/1) D:7            Lair (6/6) D:9
 Shoals (4/4) Lair:3        Snake (4/4) Lair:2        Slime (5/5) Lair:5
    Orc (2/2) D:11            Elf (3/3) Orc:2        Vaults (5/5) D:14
  Crypt (0/3) Vaults:2     Depths (4/4) D:15            Zot (5/5) Depths:4
Ossuary (visited)          Bailey (visited)         Gauntlet (visited)

Altars:
Ashenzari
Cheibriados
Dithmenos
Elyvilon
Fedhas
Gozag
Hepliaklqana
Kikubaaqudgha
Makhleb
Nemelex Xobeh
Okawaru
Qazlal
Ru
Sif Muna
Trog
Uskayaw
Vehumet
Wu Jian
Xom
Yredelemnul
Zin
The Shining One
Jiyva
Lugonu

Shops:
D:2 (?([(   Orc:1 *[*:(=   Orc:2 (?(   Elf:1 !   Elf:3 *   Shoals:3 *
Snake:1 *   Snake:4 ==:   Vaults:1 [   Depths:1 [   Depths:2 [((!

Portals:
Hell: Depths:1 Depths:2 Depths:3 Depths:4
Abyss: Lair:6 Depths:1 Depths:3
Pandemonium: Depths:2 Depths:4

Annotations:
D:9 exclusion: obsidian statue
Elf:1 6 runed translucent doors
Elf:2 2 runed translucent doors
Depths:2 1 runed translucent door, Hazorath's ghost, adept TrFi
Zot:5 1 exclusion


Innate Abilities, Weirdness & Mutations

You have a pair of large antennae on your head. (SInv)
You are surrounded by a strong repulsion field. (EV +4, RMsl)
A meltable icy envelope protects you from harm. (AC +0)
You are powered by pain.
Your magical and physical power is greatly enhanced at high health.
A meltable shield of frost defends you. (SH +0)
Your mind is acute. (Int +2)
You are clumsy. (Dex -2)
Your natural rate of healing is unusually fast.
You occasionally shout uncontrollably at your foes.
You are weak. (Str -2)
Your spells are a little harder to cast, but a little more powerful.
Potions are less effective at restoring your health.


Message History

The bolt of fire hits you. You resist.
* * * LOW HITPOINT WARNING * * *
The Brimstone Fiend gestures at you.
The sphere of damnation explodes!
The damnation engulfs you!!
* * * LOW HITPOINT WARNING * * *
The damnation engulfs the Brimstone Fiend.
The Brimstone Fiend completely resists.
The doom hound barks!
You hear a shout! x2; You hear a roar!
You hear a shout!
You hear a roar!
You step out of the flow of time.
You return to the normal time flow.
Cheibriados lowers the support of your attributes as your movement quickens.
The Executioner gives a hideous shriek!
The balrug shouts!
The Brimstone Fiend roars!
The balrug shouts!
You hear a shout!
The balrug gestures at you. Something smites you!
* * * LOW HITPOINT WARNING * * *
The balrug gestures at you.
The sticky flame is repelled.
The balrug shouts!
The demonspawn blood saint shouts!
You hear a shout! x3
You hear a roar!
You cannot read scrolls in your current state!
Your magical effects are unravelling.
You feel magically purged.
You revert to your normal fleshy form.
The +1 pair of gloves of the Little Devil {+Inv Will+} unmelds from your body.
The +1 pair of boots of Ojumniph {rElec rC+ SInv} unmelds from your body.
Your +4 troll leather armour unmelds from your body.
Your magic seems less tainted.
The Ice Fiend roars!
The balrug gestures at you. Something smites you!
* * * LOW HITPOINT WARNING * * *
The Ice Fiend calls on the powers of darkness!
Your body is wracked with pain!
* * * LOW HITPOINT WARNING * * *
The Brimstone Fiend misses you.
You block the Brimstone Fiend's attack. x2
The balrug hits you but does no damage. The balrug gestures at you.
The bolt of fire hits you! You resist.
You die...

........§§............
})).2...................
||2.....................
))?.....)6..............
?|).......1.............
:?=.)...................
........................
......21................
.......@2...............
▓▓▓▓▓▓▓▓11.........▓▓▓▓▓
▓...........▓ .......
.....23 ....... .......
▓▓▓▓▓▓▓


You could see a Hell Sentinel, a Brimstone Fiend, an Ice Fiend, a cacodemon
(wandering), a demonspawn blood saint, 4 balrugs, an Executioner and a soul
eater (wandering).

Vanquished Creatures
  the Royal Jelly (Slime:5)
  A pandemonium lord (Zig:5)
  3 ancient liches
  2 orbs of fire (Zot:2)
  Mara (Shoals:3)
  A juggernaut (Zig:6)
  Sojobo (Vaults:3)
  Bai Suzhen (Vaults:3)
  A Killer Klown (Zig:5)
  A curse toe (Zot:3)
  Xtahua (Vaults:4)
  4 shard shrikes (Zig:17)
  Vashnia (Snake:4)
  10 caustic shrikes
  13 golden dragons
  Nikola (Snake:1)
  4 bone dragons
  3 hellephants
  An iron giant (Zig:14)
  A walking earthen tome (Depths:4)
  Rupert (D:14)
  2 Hell Sentinels (Zig:14)
  17 tentacled monstrosities
  5 Orb Guardians (Zot:5)
  5 Ice Fiends
  8 liches
  4 titans
  7 quicksilver dragons
  2 deep elf blademasters (Elf:3)
  2 deep elf master archers (Elf:3)
  An Executioner (Abyss:3)
  3 tentacled starspawn
  2 krakens (Shoals:2)
  23 acid blobs
  2 ancient champions (Zig:13)
  The ghost of Loucydgh the Impaler, an adept MfGl of the Shining One (Shoals:2)
  Kirke (D:15)
  4 sphinxes
  8 death cobs
  17 storm dragons
  Gastronok (Lair:3)
  Roxanne (Snake:1)
  15 shadow dragons
  15 tengu reavers
  12 rockslimes
  9 draconian monks
  The ghost of Athoe the Carver, an adept PaFi of Makhleb (Snake:3)
  Donald (Shoals:3)
  11 azure jellies
  2 fenstrider witches
  6 draconian scorchers
  7 nagarajas
  13 vault wardens
  9 deep elf sorcerers
  9 frost giants
  2 cacodemons
  6 narguns (Zig:17)
  2 ghost moths
  8 draconian knights
  5 iron dragons
  5 draconian shifters
  2 balrugs
  8 fire giants
  5 orc warlords
  A curse skull (Zig:13)
  Aizul (Snake:1)
  4 deep elf elementalists (Elf:3)
  2 ghouls (Zig:13)
  20 ironbound preservers
  2 demonspawn blood saints (Zig:16)
  7 draconian annihilators
  2 draconian stormcallers
  4 reapers
  The ghost of Dowoeg the Nimble, a journeyman DjWn of Fedhas (Lair:5)
  2 demonspawn corrupters (Zig:18)
  The ghost of Jazxac the Carver, a journeyman MiMo of Cheibriados (Lair:3)
  Nessos (D:14)
  35 very ugly things
  6 war gargoyles
  8 quicksilver oozes
  10 deep elf demonologists
  6 ironbound thunderhulks
  4 vampire knights
  7 yellow draconians
  4 eleionomae
  17 purple draconians
  11 green draconians
  12 black draconians
  11 stone giants
  A spark wasp (shapeshifter) (Vaults:3)
  5 red draconians
  4 bunyips
  12 dire elephants
  6 entropy weavers
  10 white draconians
  11 deep elf annihilators
  4 spark wasps (Depths:3)
  A minotaur (Gauntlet)
  2 iron golems (Zig:14)
  A deep elf death mage (Elf:3)
  8 wendigos (Zig:17)
  3 jiangshi (Abyss:3)
  9 ettins
  5 eidola (Zig:13)
  6 merfolk javelineers
  8 fire dragons
  3 blizzard demons
  Snorg (D:11)
  13 merfolk impalers
  A fire dragon (shapeshifter) (Vaults:5)
  14 deep elf high priests
  Josephine (D:12)
  2 rakshasas
  4 shambling mangroves
  A quicksilver dragon zombie (Depths:3)
  The ghost of bearlyready the Martial Artist, a journeyman OpTm of Gozag (D:11)
  12 great orbs of eyes
  12 yaktaur captains
  29 vault guards
  2 salamander tyrants (Snake:4)
  5 boulder beetles
  21 hydras
  2 hell beasts
  13 naga warriors
  4 ice dragons
  2 peacekeepers (Vaults:4)
  6 ironbound frosthearts
  4 catoblepae
  5 alligator snapping turtles
  Harold (D:8)
  A ghost crab (Zig:9)
  10 anacondas
  A spriggan air mage (Depths:4)
  2 ogre magi
  A death knight (D:15)
  7 two-headed ogres
  6 death yaks (Lair:5)
  4 merfolk avatars
  4 satyrs
  13 centaur warriors
  3 deep troll shamans
  An alligator (Zig:15)
  6 hell hogs (Depths:3)
  6 merfolk aquamancers
  7 thrashing horrors
  6 vampire magi
  11 shock serpents
  14 tengu warriors
  27 dancing weapons
  7 deep troll earth magi
  4 soul eaters
  8 orc high priests
  9 hell knights
  Urug (Lair:3)
  9 spriggan berserkers
  14 sun demons
  8 iron trolls
  17 naga sharpshooters
  A spatial maelstrom (Zig:10)
  A titan skeleton (Vaults:3)
  3 wretched stars
  11 deep elf knights
  A fire crab (shapeshifter) (Depths:4)
  An iron troll (shapeshifter) (Elf:3)
  8 skeletal warriors
  50 deep trolls
  A death drake (Zig:9)
  A goliath frog (Zig:15)
  3 sixfirhies
  2 salamander mystics (Depths:1)
  6 shadow wraiths
  16 sea snakes
  4 glowing orange brains
  A sea snake (shapeshifter) (Vaults:5)
  3 quicksilver dragon simulacra
  3 flayed ghosts
  3 bog bodies
  4 spriggan druids
  A spark wasp zombie (D:15)
  14 wizards
  5 swamp dragons
  18 deep elf archers
  A tengu zombie (D:15)
  2 naga ritualists (Snake:4)
  20 harpies
  Pikel (D:9)
  12 necromancers
  A phantasmal warrior (Vaults:5)
  An obsidian statue (Zig:5)
  24 ironbound convokers
  17 orc knights
  2 sphinx zombies (Depths:3)
  9 lindwurms
  A frost giant zombie (Depths:3)
  25 deep elf pyromancers
  4 mana vipers
  3 worldbinders (Abyss:3)
  An oklob plant (Snake:2)
  20 manticores
  35 ugly things
  21 deep elf zephyrmancers
  A stone giant zombie (Vaults:1)
  17 cyclopes
  A faun (shapeshifter) (Depths:4)
  2 will-o-the-wisps (Zig:15)
  2 fire giant skeletons
  22 fauns
  15 salamanders
  4 orc sorcerers
  A frost giant skeleton (D:15)
  A sphinx skeleton (D:15)
  7 shining eyes
  An elephant (Zig:12)
  23 moths of wrath
  8 smoke demons
  Maurice (D:7)
  9 merfolk sirens
  5 eyes of devastation
  5 guardian serpents
  4 ice statues
  Joseph (D:8)
  33 black mambas
  16 naga magi
  5 water nymphs
  5 torpor snails
  A black mamba (shapeshifter) (D:14)
  An apocalypse crab (Abyss:3)
  9 large abominations
  13 vault sentinels
  4 gargoyles
  A dire elephant skeleton (Abyss:3)
  22 cane toads
  A water nymph (shapeshifter) (Vaults:5)
  2 hellions
  5 kobold demonologists
  11 komodo dragons
  A minotaur zombie (Gauntlet)
  3 rime drakes
  2 unseen horrors
  8 freezing wraiths
  3 tengu conjurers
  6 ice devils
  22 yaktaurs
  23 starcursed masses
  6 polar bears
  An efreet (D:14)
  2 hellwings (Abyss:3)
  6 ancient zymes
  A guardian mummy (D:15)
  6 trolls
  2 tyrant leeches
  46 merfolk
  5 wind drakes
  A meliai (shapeshifter) (D:14)
  A tengu simulacrum (Zig:17)
  A raiju (Zig:10)
  12 hornets
  2 human simulacra (Vaults:1)
  6 dream sheep
  34 blink frogs
  A meliai zombie (D:11)
  96 slime creatures
  15 snapping turtles
  2 flying skulls
  A shadow (D:11)
  3 air elementals
  2 spriggans (shapeshifter)
  2 centaur simulacra (Gauntlet)
  2 redbacks
  5 spriggans
  A tarantella (shapeshifter) (D:14)
  4 ynoxinuls
  45 yaks
  6 water elementals
  5 wraiths
  13 basilisks
  14 small abominations
  A fire bat (shapeshifter) (D:15)
  A golden eye (shapeshifter) (Lair:6)
  2 hogs (D:15)
  A hog (shapeshifter) (Lair:6)
  7 wyverns
  Grum (D:8)
  11 golden eyes
  6 fire elementals
  A steam dragon (D:6)
  An ogre zombie (Vaults:3)
  A yaktaur simulacrum (Vaults:3)
  7 vampire mosquitoes
  3 chaos spawn
  2 neqoxecs
  41 nagas
  4 swamp worms (Gauntlet)
  7 wargs
  5 acid dragons
  A swamp worm (shapeshifter) (D:15)
  23 water moccasins
  A hell hound (Depths:1)
  An ogre skeleton (Vaults:1)
  An ettin simulacrum (Depths:3)
  A hornet zombie (D:7)
  62 orc warriors
  2 black bears (D:7)
  An ice beast (D:7)
  15 ogres
  A necrophage (D:8)
  14 wolves
  3 lemures (D:9)
  13 centaurs
  16 kobold brigands
  20 bullfrogs
  2 elf zombies (Ossuary)
  2 gnoll sergeants
  3 earth elementals (Elf:3)
  A wyvern zombie (D:8)
  A cane toad simulacrum (Gauntlet)
  A scorpion (Lair:2)
  9 killer bees
  A howler monkey (D:6)
  6 electric eels
  2 bullfrog zombies
  7 centaur zombies
  6 hounds
  A jelly (D:6)
  34 orc priests
  Crazy Yiuf (D:3)
  A bullfrog skeleton (D:6)
  A centaur skeleton (D:7)
  An iron imp (Abyss:2)
  17 orc wizards
  2 iguanas
  A hell rat (Zig:12)
  A killer bee zombie (D:7)
  A hound zombie (D:4)
  2 hound skeletons (D:4)
  2 mummies (Ossuary)
  Robin (D:3)
  2 howler monkey zombies (D:9)
  11 gnolls
  8 adders
  2 white imps (D:5)
  4 adder zombies
  A worm (D:5)
  3 dart slugs
  83 orcs
  5 ball pythons
  3 endoplasms
  6 giant cockroaches
  8 hobgoblins
  2 jackals (D:3)
  2 quokkas
  5 bats
  2 frilled lizards
  22 goblins
  2 goblin zombies (Ossuary)
  10 hobgoblin zombies (Ossuary)
  A jackal zombie (Ossuary)
  35 kobolds
  11 kobold zombies (Ossuary)
  5 orc zombies (Ossuary)
  5 rats
  3 rat zombies (Ossuary)
  A lurking horror (Abyss:3)
  A starspawn tentacle (Zig:10)
  4 tentacles (Shoals:2)
2631 creatures vanquished.

Vanquished Creatures (collateral kills)
  A war gargoyle (Zig:14)
  A crystal guardian (Zig:14)
  A two-headed ogre (D:15)
  A naga sharpshooter (Snake:4)
  A smoke demon (Abyss:3)
5 creatures vanquished.

Vanquished Creatures (others)
  An ancient lich (Zot:2)
  2 draconian knights
  A merfolk impaler (Shoals:4)
  Erica (D:8)
  A smoke demon (Zig:10)
  A hornet (Zig:9)
  A snapping turtle (Shoals:1)
  A ynoxinul (Abyss:3)
  5 humans (D:15)
  6 foxfires (Zig:15)
  31 fungi
  A lurking horror (Abyss:3)
  71 plants
  6 starspawn tentacles
  13 tentacles (Shoals:2)
  17 withered plants
159 creatures vanquished.

Grand Total: 2795 creatures vanquished

Notes
Turn   | Place    | Note
-------+----------+-------------------------------------------
     0 | D:1      | frimble the Demonspawn Warper began the quest for the Orb.
     0 | D:1      | Reached XP level 1. HP: 16/16 MP: 3/3
   266 | D:1      | Reached skill level 1 in Throwing
   294 | D:1      | Gained mutation: You have a pair of small antennae on your
                  | head. [demonic ancestry]
   294 | D:1      | Reached XP level 2. HP: 8/22 MP: 5/5
  1203 | D:2      | Found Xicsey's Weapon Boutique.
  1438 | D:2      | Found Gaphem's Magic Scroll Emporium.
  1439 | D:2      | Found Neff's Weapon Boutique.
  1498 | D:2      | Gained mutation: You are surrounded by a mild repulsion
                  | field. (EV +2) [demonic ancestry]
  1498 | D:2      | Reached XP level 3. HP: 27/27 MP: 6/6
  1645 | D:2      | Found Vezipoaz's Antique Armour Shop.
  1799 | D:2      | Learned a level 2 spell: Blink
  2163 | D:2      | Found Was Zil's Antique Weapon Boutique.
  2454 | D:3      | Noticed Robin
  2473 | D:3      | Gained mutation: You are surrounded by a moderate repulsion
                  | field. (EV +3) [demonic ancestry]
  2473 | D:3      | Reached XP level 4. HP: 23/33 MP: 7/7
  2973 | D:3      | Killed Robin
  3370 | D:3      | Found a runed translucent door.
  3371 | D:3      | Noticed Crazy Yiuf
  3445 | D:3      | You fall into a shaft and drop 3 floors!
  3464 | D:6      | Gained mutation: A meltable shield of frost defends you.
                  | (SH +0) [demonic ancestry]
  3464 | D:6      | Reached XP level 5. HP: 22/38 MP: 8/8
  3468 | D:6      | Learned a level 3 spell: Teleport Other
  3601 | D:6      | Found a sand-covered staircase.
  3607 | Ossuary  | Entered an ossuary
  4026 | Ossuary  | Reached XP level 6. HP: 24/44 MP: 9/9
  4469 | D:5      | Entered Level 5 of the Dungeon
  4541 | D:5      | Reached skill level 5 in Short Blades
  4901 | D:3      | Found a faded altar of an unknown god.
  5247 | D:4      | Reached skill level 1 in Stealth
  5250 | D:4      | Reached XP level 7. HP: 48/50 MP: 10/10
  5480 | D:4      | Found an ancient bone altar of Kikubaaqudgha.
  5480 | D:4      | Found a blossoming altar of Fedhas.
  5957 | D:2      | Bought a buckler for 112 gold pieces
  6117 | D:5      | Reached skill level 1 in Shields
  7044 | D:6      | Reached skill level 1 in Evocations
  7044 | D:6      | Gained mutation: You have a pair of antennae on your head.
                  | [demonic ancestry]
  7044 | D:6      | Reached XP level 8. HP: 54/56 MP: 11/11
  7132 | D:6      | Reached skill level 3 in Fighting
  7536 | D:7      | Reached skill level 4 in Fighting
  7774 | D:7      | Found a staircase to the Ecumenical Temple.
  8092 | D:8      | Noticed a cyclops
  8234 | D:8      | Noticed Harold
  8237 | D:8      | Identified a scroll of acquirement
  8237 | D:8      | Acquired 1347 gold pieces
  8768 | D:7      | Reached skill level 5 in Fighting
  9000 | D:2      | Bought an encrusted falchion for 216 gold pieces
  9000 | D:2      | Identified the +8 falchion "Olloraju" {drain, Int+4} (You
                  | bought it in a shop on level 2 of the Dungeon)
  9064 | D:2      | Bought a pearl-encrusted ring mail for 225 gold pieces
  9064 | D:2      | Identified the +4 ring mail of the Wilderness {rF+ Int+4}
                  | (You bought it in a shop on level 2 of the Dungeon)
  9146 | D:3      | Killed Crazy Yiuf
  9147 | D:3      | Reached skill level 1 in Armour
  9277 | D:6      | Reached skill level 1 in Long Blades
  9277 | D:6      | Gained mutation: A meltable icy envelope protects you from
                  | harm. (AC +0) [demonic ancestry]
  9277 | D:6      | Reached XP level 9. HP: 66/68 MP: 12/12
 10430 | D:8      | Noticed Maurice
 10479 | D:7      | Killed Maurice
 10480 | D:7      | Reached skill level 6 in Fighting
 10582 | D:8      | Found a broken altar of Ashenzari.
 10659 | D:8      | Noticed Erica
 10660 | D:8      | Noticed Joseph
 11020 | D:8      | Killed Erica
 11263 | D:7      | Gained mutation: You have a pair of large antennae on your
                  | head. (SInv) [potion of mutation]
 11263 | D:7      | Gained mutation: You occasionally shout uncontrollably at
                  | your foes. [potion of mutation]
 11263 | D:7      | Gained mutation: You are robust. (+10% HP) [potion of
                  | mutation]
 11291 | D:7      | Lost mutation: You occasionally shout uncontrollably at
                  | your foes. [potion of mutation]
 11291 | D:7      | Lost mutation: You have a pair of large antennae on your
                  | head. (SInv) [potion of mutation]
 11291 | D:7      | Lost mutation: You are robust. (+10% HP) [potion of
                  | mutation]
 11291 | D:7      | Gained mutation: You are clumsy. (Dex -2) [potion of
                  | mutation]
 11291 | D:7      | Gained mutation: You do not regenerate when monsters are
                  | visible. [potion of mutation]
 11291 | D:7      | Gained mutation: You possess an exceptional clarity of
                  | mind. [potion of mutation]
 11292 | D:7      | Lost mutation: You possess an exceptional clarity of mind.
                  | [potion of mutation]
 11292 | D:7      | Lost mutation: You are clumsy. (Dex -2) [potion of
                  | mutation]
 11292 | D:7      | Gained mutation: Armour fits poorly on your strangely
                  | shaped body. [potion of mutation]
 11292 | D:7      | Gained mutation: You are somewhat resistant to further
                  | mutation. [potion of mutation]
 11502 | D:9      | Noticed an obsidian statue
 11513 | D:9      | Found a staircase to the Lair.
 11522 | D:9      | Found a flagged portal.
 11526 | Bailey   | Entered a bailey
 11626 | Bailey   | Noticed an orc knight
 11962 | Bailey   | Reached skill level 5 in Long Blades
 12237 | Bailey   | Killed an orc knight
 12238 | Bailey   | Reached skill level 5 in Translocations
 12238 | Bailey   | Gained mutation: You sometimes gain a little power by
                  | taking damage. [demonic ancestry]
 12238 | Bailey   | Reached XP level 10. HP: 55/76 MP: 13/13
 12634 | D:10     | Entered Level 10 of the Dungeon
 14314 | D:8      | Killed Harold
 14450 | D:8      | Noticed Grum
 14462 | D:8      | Killed Grum
 14560 | D:8      | Killed a cyclops
 14561 | D:8      | Reached XP level 11. HP: 78/81 MP: 14/14
 14988 | Temple   | Entered the Ecumenical Temple
 15312 | D:8      | Killed Joseph
 15415 | D:9      | Noticed a wizard
 15422 | D:9      | Killed a wizard
 15618 | D:9      | Noticed Pikel
 15667 | D:9      | Killed Pikel
 16039 | D:9      | Reached skill level 10 in Long Blades
 16094 | D:9      | Found a stormy altar of Qazlal.
 16352 | D:9      | Noticed a two-headed ogre
 16403 | D:9      | Killed a two-headed ogre
 16687 | D:9      | Paralysed by a hornet for 2 turns
 17188 | D:10     | Found a basalt altar of Yredelemnul.
 17188 | D:10     | Found a snail-covered altar of Cheibriados.
 17194 | D:10     | Became a worshipper of Cheibriados the Contemplative
 17402 | D:11     | Reached skill level 1 in Invocations
 17589 | D:11     | Noticed a two-headed ogre
 17602 | D:11     | Killed a two-headed ogre
 18158 | D:11     | Reached skill level 7 in Fighting
 18323 | D:11     | Found a runed translucent gate.
 18324 | D:11     | Found a runed translucent gate.
 18324 | D:11     | Noticed bearlyready's ghost (journeyman OpTm)
 18325 | D:11     | Found a runed translucent gate.
 18426 | D:11     | Found a staircase to the Orcish Mines.
 18583 | D:11     | Reached * piety under Cheibriados
 18833 | Lair:1   | Entered Level 1 of the Lair of Beasts
 19044 | Lair:1   | Reached skill level 5 in Invocations
 19080 | Lair:1   | Gained mutation: You have a pair of large antennae on your
                  | head. (SInv) [demonic ancestry]
 19080 | Lair:1   | Reached XP level 12. HP: 66/91 MP: 9/16
 19415 | Lair:1   | Reached skill level 5 in Throwing
 19441 | Lair:1   | Reached skill level 8 in Fighting
 19626 | Lair:1   | Reached ** piety under Cheibriados
 20999 | Lair:2   | Noticed a boulder beetle
 21015 | Lair:2   | Killed a boulder beetle
 21040 | Lair:2   | Found a staircase to the Snake Pit.
 21199 | Lair:2   | Reached skill level 9 in Fighting
 21427 | Lair:2   | Reached *** piety under Cheibriados
 21666 | Lair:2   | Noticed a six-headed hydra
 22504 | Lair:3   | Noticed a catoblepas
 22524 | Lair:3   | Killed a catoblepas
 22936 | Lair:3   | Reached XP level 13. HP: 94/102 MP: 20/20
 23156 | Lair:3   | Reached skill level 10 in Invocations
 23245 | Lair:3   | Found a staircase to the Shoals.
 23294 | Lair:3   | Noticed Gastronok
 23312 | Lair:3   | Killed Gastronok
 23453 | Lair:3   | Reached skill level 10 in Fighting
 23509 | Lair:3   | Noticed Urug
 23529 | Lair:3   | Killed Urug
 23756 | Lair:3   | Found a runed translucent door.
 23757 | Lair:3   | Noticed Jazxac's ghost (journeyman MiMo)
 23996 | Lair:3   | Learned a level 3 spell: Ignite Poison
 24152 | Lair:4   | Reached **** piety under Cheibriados
 24182 | Lair:4   | Reached skill level 1 in Poison Magic
 24183 | Lair:4   | Reached skill level 1 in Fire Magic
 24571 | Lair:4   | Reached ***** piety under Cheibriados
 25212 | Lair:4   | Lost mutation: Armour fits poorly on your strangely shaped
                  | body. [potion of mutation]
 25782 | Lair:5   | Lost mutation: You are somewhat resistant to further
                  | mutation. [potion of mutation]
 25782 | Lair:5   | Lost mutation: You do not regenerate when monsters are
                  | visible. [potion of mutation]
 25782 | Lair:5   | Gained mutation: You are robust. (+10% HP) [potion of
                  | mutation]
 25782 | Lair:5   | Gained mutation: Your flesh is heat resistant. (rF+)
                  | [potion of mutation]
 25782 | Lair:5   | Gained mutation: You passively dampen the noise of your
                  | surroundings. [potion of mutation]
 25923 | Lair:5   | Found a transporter.
 25935 | Lair:5   | Noticed Dowoeg's ghost (journeyman DjWn)
 25997 | Lair:5   | Found a viscous altar of Jiyva.
 25997 | Lair:5   | Found a staircase to the Slime Pits.
 26142 | Lair:5   | Reached skill level 11 in Fighting
 26184 | Lair:5   | Found a transporter.
 26652 | Lair:6   | Entered Level 6 of the Lair of Beasts
 26666 | Lair:6   | Found a gate leading to a gauntlet.
 26673 | Gauntlet | Entered a Gauntlet
 26673 | Gauntlet | Found a transporter.
 26686 | Gauntlet | Found a transporter.
 26686 | Gauntlet | Found a transporter.
 26687 | Gauntlet | Found a transporter.
 26694 | Gauntlet | Found a transporter.
 26710 | Gauntlet | Found a transporter.
 26710 | Gauntlet | Found a transporter.
 26791 | Gauntlet | Found a transporter.
 26820 | Gauntlet | Found a transporter.
 26820 | Gauntlet | Found a transporter.
 26823 | Gauntlet | Identified the +0 fustibalus of Zafal {venom, rCorr}
 26940 | Gauntlet | Found a transporter.
 26940 | Gauntlet | Found a transporter.
 26940 | Gauntlet | Found a transporter.
 26985 | Gauntlet | Found a runed translucent door.
 26985 | Gauntlet | Found a runed translucent door.
 27234 | Gauntlet | Found a transporter.
 27257 | Gauntlet | Identified the +2 cloak of Haajik {rF+ Str+2}
 27409 | Gauntlet | Noticed a minotaur
 27417 | Gauntlet | Killed a minotaur
 27418 | Gauntlet | Reached XP level 14. HP: 97/124 MP: 21/21
 28017 | Lair:6   | Reached skill level 5 in Poison Magic
 28321 | Lair:6   | Reached ****** piety under Cheibriados
 28779 | Lair:6   | Reached skill level 5 in Fire Magic
 29486 | D:11     | Killed bearlyready's ghost
 29800 | D:12     | Reached skill level 5 in Evocations
 29999 | D:12     | Noticed Josephine
 30006 | D:12     | Killed Josephine
 30007 | D:12     | Reached skill level 12 in Fighting
 30770 | D:13     | Noticed Sonja
 30771 | D:13     | Noticed Sonja
 30771 | D:13     | Sonja changed into Sonja the polar bear
 30780 | D:13     | Killed Sonja the polar bear
 31347 | D:14     | Noticed a reaper
 31405 | Orc:1    | Entered Level 1 of the Orcish Mines
 31448 | Orc:1    | Reached skill level 10 in Throwing
 31476 | Orc:1    | Found Caguladd's General Store.
 31491 | Orc:1    | Found Pakis's Armour Shop.
 31501 | Orc:1    | Found Nigacin's Assorted Antiques.
 31534 | Orc:1    | Bought a pair of glowing gloves for 157 gold pieces
 31534 | Orc:1    | Bought a scroll of blinking for 157 gold pieces
 31673 | Orc:2    | Entered Level 2 of the Orcish Mines
 31718 | Orc:2    | Found a staircase to the Elven Halls.
 31861 | Orc:2    | Noticed an orc warlord
 31880 | Orc:2    | Killed an orc warlord
 32677 | Orc:2    | Reached XP level 15. HP: 82/132 MP: 23/23
 33262 | Orc:2    | Found Ytaidier's Antique Weapon Shoppe.
 33263 | Orc:2    | Found Wareqoes's Magic Scroll Emporium.
 33263 | Orc:2    | Found Deogh's Distillery.
 33264 | Orc:2    | Found Vuobess's Antique Weapon Shoppe.
 33271 | Orc:2    | Bought a scroll of immolation for 52 gold pieces
 33271 | Orc:2    | Bought a scroll of immolation for 52 gold pieces
 33271 | Orc:2    | Bought a scroll of teleportation for 45 gold pieces
 33271 | Orc:2    | Bought a scroll of teleportation for 45 gold pieces
 33271 | Orc:2    | Bought a scroll of teleportation for 45 gold pieces
 33273 | Orc:2    | Bought a potion of heal wounds for 55 gold pieces
 33273 | Orc:2    | Bought a potion of curing for 33 gold pieces
 33273 | Orc:2    | Bought 2 potions of cancellation for 176 gold pieces
 33273 | Orc:2    | Bought a potion of mutation for 88 gold pieces
 33273 | Orc:2    | Bought a potion of invisibility for 88 gold pieces
 33946 | Orc:1    | Found Miwkaf's Book Shop.
 33973 | Orc:1    | Found Xerriorgh's Antique Weapon Shoppe.
 34014 | Orc:1    | Found Oruv's Jewellery Shoppe.
 34025 | Orc:1    | Bought a +4 ring of slaying for 858 gold pieces
 34025 | Orc:1    | Bought an amulet of reflection for 330 gold pieces
 34333 | D:14     | Found the +5 scythe "Finisher" {speed, eviscerate}
 34742 | D:14     | Noticed Rupert
 34755 | D:14     | Killed Rupert
 35431 | D:15     | Entered Level 15 of the Dungeon
 35462 | D:15     | Noticed a fire giant
 35464 | D:15     | Noticed a storm dragon
 35483 | D:15     | Noticed a tengu reaver
 35496 | D:15     | Killed a tengu reaver
 35501 | D:15     | Killed a fire giant
 35651 | D:15     | Killed a storm dragon
 35659 | D:15     | Got the Handbook of Attacks
 36287 | D:15     | Noticed Kirke
 36295 | D:15     | Killed Kirke
 37125 | D:15     | Found a staircase to the Depths.
 37143 | D:15     | Reached skill level 10 in Evocations
 37896 | D:14     | Found a gate to the Vaults.
 37896 | D:14     | Noticed Nessos
 37900 | D:14     | Reached XP level 16. HP: 139/139 MP: 20/26
 37903 | D:14     | Killed Nessos
 37913 | D:14     | Reached skill level 5 in Dodging
 38262 | Lair:3   | Killed Jazxac's ghost
 38503 | Lair:5   | Killed Dowoeg's ghost
 39091 | Lair:6   | Found a corrupted altar of Lugonu.
 39091 | Lair:6   | Found a one-way gate to the infinite horrors of the Abyss.
 39533 | D:2      | Bought a runed cloak for 187 gold pieces
 39533 | D:2      | Bought a jewelled chain mail for 237 gold pieces
 39533 | D:2      | Identified the +14 chain mail of Beauty {Will- Int+6 Dex+4}
                  | (You bought it in a shop on level 2 of the Dungeon)
 39533 | D:2      | Bought a runed cloak for 187 gold pieces
 39794 | Snake:1  | Entered Level 1 of the Snake Pit
 39803 | Snake:1  | Found Aphuzad's Gadget Gallery.
 39808 | Snake:1  | Bought a wand of iceblast (2) for 84 gold pieces
 39808 | Snake:1  | Bought a wand of iceblast (3) for 98 gold pieces
 39861 | Snake:1  | Noticed Aizul
 39874 | Snake:1  | Killed Aizul
 40006 | Snake:1  | Noticed Nikola
 40481 | Snake:2  | Identified the +5 flail of the Fray {protect, Fly}
 42115 | Snake:3  | Found a runed translucent door.
 42115 | Snake:3  | Noticed Athoe's ghost (adept PaFi)
 42115 | Snake:3  | Found the +9 staff of Wucad Mu {*channel}
 43081 | Snake:3  | Killed Athoe's ghost
 43355 | Snake:4  | Entered Level 4 of the Snake Pit
 43401 | Snake:4  | Found Moj Righ's Jewellery Emporium.
 43404 | Snake:4  | Found Jygerixu's Book Boutique.
 43405 | Snake:4  | Found Qefuesm's Jewellery Emporium.
 43888 | Snake:4  | Reached skill level 5 in Shields
 44119 | Snake:4  | Noticed Vashnia
 44123 | Snake:4  | Gained mutation: You are surrounded by a strong repulsion
                  | field. (EV +4, RMsl) [demonic ancestry]
 44123 | Snake:4  | Reached XP level 17. HP: 113/148 MP: 27/27
 44139 | Snake:4  | Killed Vashnia
 44552 | Snake:4  | Reached skill level 13 in Fighting
 45514 | Snake:4  | Reached skill level 14 in Fighting
 45606 | Snake:4  | Got a serpentine rune of Zot
 46021 | Elf:1    | Entered Level 1 of the Elven Halls
 46050 | Elf:1    | Paralysed by an orc sorcerer for 7 turns
 47277 | Elf:1    | Found a shimmering blue altar of Sif Muna.
 47617 | Elf:1    | Reached skill level 10 in Shields
 47806 | Elf:1    | Identified the +1 robe "Wuezygunn" {rPois rF++ Int+4}
 48122 | Elf:1    | Found a runed translucent gate.
 48122 | Elf:1    | Found a runed translucent gate.
 48122 | Elf:1    | Found a runed translucent gate.
 48122 | Elf:1    | Found a runed translucent gate.
 48122 | Elf:1    | Found a runed translucent gate.
 48123 | Elf:1    | Found a runed translucent gate.
 48277 | Elf:1    | Found Paxko's Distillery.
 48481 | Elf:2    | Reached XP level 18. HP: 160/160 MP: 28/28
 48798 | Elf:2    | Found a runed translucent door.
 48866 | Elf:2    | Found a runed translucent door.
 49073 | Elf:2    | Paralysed by an air elemental for 1 turns
 49543 | Elf:2    | Cast into level 2 of the Abyss (a deep elf demonologist)
 49884 | Abyss:2  | Noticed a lich
 49905 | Abyss:2  | Killed a lich
 50165 | Abyss:3  | Noticed a bone dragon
 50173 | Abyss:3  | Noticed a lich
 50199 | Abyss:3  | Killed a lich
 50206 | Abyss:3  | Killed a bone dragon
 50389 | Abyss:3  | Paralysed by accursed screaming for 2 turns
 50402 | Abyss:3  | Got an abyssal rune of Zot
 50423 | Abyss:3  | Paralysed by accursed screaming for 1 turns
 50430 | Abyss:3  | Paralysed by accursed screaming for 1 turns
 50450 | Abyss:3  | Gained mutation: You sometimes lose the ability to read
                  | scrolls when taking damage. [a neqoxec]
 50451 | Abyss:3  | Gained mutation: You are dopey. (Int -2) [a neqoxec]
 50549 | Elf:2    | Escaped the Abyss
 50571 | Elf:2    | Paralysed by an air elemental for 1 turns
 50769 | Elf:3    | Entered Level 3 of the Elven Halls
 50859 | Elf:3    | Found Himye's General Store.
 51071 | Elf:3    | Reached skill level 15 in Shields
 51540 | Elf:3    | Acquired a +6 vorpal double sword
 51998 | Elf:3    | Lost mutation: Your flesh is heat resistant. (rF+) [potion
                  | of mutation]
 51998 | Elf:3    | Lost mutation: You are dopey. (Int -2) [potion of mutation]
 51998 | Elf:3    | Lost mutation: You are robust. (+10% HP) [potion of
                  | mutation]
 51998 | Elf:3    | Gained mutation: Your spells are a little easier to cast,
                  | but a little less powerful. [potion of mutation]
 51998 | Elf:3    | Gained mutation: Your natural rate of healing is unusually
                  | fast. [potion of mutation]
 51999 | Elf:3    | Lost mutation: Your spells are a little easier to cast, but
                  | a little less powerful. [potion of mutation]
 51999 | Elf:3    | Lost mutation: You sometimes lose the ability to read
                  | scrolls when taking damage. [potion of mutation]
 51999 | Elf:3    | Gained mutation: Armour fits poorly on your strangely
                  | shaped body. [potion of mutation]
 52104 | Elf:3    | Reached XP level 19. HP: 152/152 MP: 29/29
 52202 | Elf:3    | Identified the +7 hand axe "Vocraadgh" {pain, MP+9}
 52271 | Elf:3    | Reached skill level 15 in Long Blades
 52447 | Elf:3    | Got the Compendium of Creative Displacement
 52468 | Elf:3    | Identified the ring "Ixkiehio" {Fly Dex+6}
 52472 | Elf:3    | Identified the +0 pair of gloves of Peckefaimm {*Corrode
                  | rPois Int+3 Dex+2}
 52557 | Elf:3    | Found a shimmering altar of Xom.
 52960 | Snake:1  | Noticed Roxanne
 52973 | Snake:1  | Killed Roxanne
 53209 | Snake:1  | Killed Nikola
 53366 | Shoals:1 | Entered Level 1 of the Shoals
 53422 | Shoals:1 | Learned a level 6 spell: Statue Form
 53544 | Shoals:1 | Reached skill level 1 in Transmutations
 53719 | Shoals:1 | Reached skill level 1 in Earth Magic
 54232 | Shoals:1 | Identified the +8 chain mail of Jaexkur {Int+4}
 54599 | Shoals:2 | Reached skill level 5 in Spellcasting
 54915 | Shoals:2 | Found a large runed translucent door.
 54915 | Shoals:2 | Found a large runed translucent door.
 54917 | Shoals:2 | Noticed Loucydgh's ghost (adept MfGl)
 55346 | Shoals:2 | Killed Loucydgh's ghost
 55347 | Shoals:2 | Reached skill level 5 in Transmutations
 55347 | Shoals:2 | Reached skill level 5 in Earth Magic
 55449 | Shoals:3 | Found Kydics's General Store.
 55718 | Shoals:3 | Gained mutation: You sometimes gain power by taking damage.
                  | [demonic ancestry]
 55718 | Shoals:3 | Reached XP level 20. HP: 159/159 MP: 30/30
 55846 | Shoals:3 | Noticed Mara
 55846 | Shoals:3 | Noticed Donald
 55854 | Shoals:3 | Noticed frimble's illusion
 55856 | Shoals:3 | Killed Donald
 56016 | Shoals:3 | Noticed frimble's illusion
 56017 | Shoals:3 | Killed Mara
 56470 | Shoals:4 | Entered Level 4 of the Shoals
 56521 | Shoals:4 | Gained mutation: Potions are less effective at restoring
                  | your health. [mutagenic glow]
 57515 | Shoals:4 | Got a barnacled rune of Zot
 57885 | Vaults:1 | Entered Level 1 of the Vaults
 58212 | Vaults:1 | Cast into level 2 of the Abyss (a wizard)
 58229 | Vaults:1 | Escaped the Abyss
 58414 | Vaults:1 | Acquired the ring "Zora" {rF+ Int+3 Slay+2 SInv}
 58517 | Vaults:1 | Reached skill level 10 in Transmutations
 58517 | Vaults:1 | Reached skill level 10 in Earth Magic
 58818 | Vaults:1 | Found Mozxit's Antique Armour Boutique.
 58820 | Vaults:1 | Identified the +6 dagger of Zipan {venom, Drain rN+ Will+
                  | Dex+7}
 58891 | Vaults:1 | Reached XP level 21. HP: 165/165 MP: 25/31
 59120 | Vaults:1 | Identified the +10 long sword of Descent {drain, Will+
                  | rCorr Dex-4}
 59462 | Vaults:2 | Found a staircase to the Crypt.
 59462 | Vaults:2 | Found an ancient bone altar of Kikubaaqudgha.
 59462 | Vaults:2 | Found a basalt altar of Yredelemnul.
 59867 | Vaults:2 | Acquired 1191 gold pieces
 60708 | Vaults:3 | You fall into a shaft and drop 1 floor!
 60708 | Vaults:4 | Noticed Xtahua
 60720 | Vaults:4 | Killed Xtahua
 61129 | Vaults:4 | Noticed an ancient lich
 61186 | Vaults:4 | Killed an ancient lich
 62126 | Vaults:3 | Noticed Sojobo
 62128 | Vaults:3 | Noticed Bai Suzhen
 62131 | Vaults:3 | Paralysed by an air elemental for 1 turns
 62134 | Vaults:3 | Paralysed by an air elemental for 1 turns
 62138 | Vaults:3 | Paralysed by an air elemental for 1 turns
 62140 | Vaults:3 | Killed Bai Suzhen
 62141 | Vaults:3 | Gained mutation: A meltable icy envelope protects you from
                  | harm. (AC +0) [demonic ancestry]
 62141 | Vaults:3 | Reached XP level 22. HP: 88/172 MP: 27/32
 62143 | Vaults:3 | Killed Sojobo
 62995 | Depths:1 | Entered Level 1 of the Depths
 63520 | Depths:1 | You fall into a shaft and drop 1 floor!
 63520 | Depths:2 | Found a gateway to Hell.
 63535 | Depths:2 | Found Jysi's Weapon Boutique.
 63538 | Depths:2 | Found Juidodul's Distillery.
 63538 | Depths:2 | Found Biul's Antique Armour Boutique.
 63543 | Depths:2 | Found Huts's Weapon Shop.
 63563 | Depths:2 | Bought a potion of mutation for 160 gold pieces
 63563 | Depths:2 | Bought 2 potions of attraction for 120 gold pieces
 64004 | Depths:1 | Reached skill level 15 in Invocations
 64165 | Depths:1 | Found Veototum's Armour Shop.
 64710 | Depths:2 | Paralysed by a great orb of eyes for 5 turns
 64775 | Depths:2 | Noticed a golden dragon
 64781 | Depths:2 | Killed a golden dragon
 64868 | Depths:2 | Found a runed translucent door.
 64868 | Depths:2 | Found a shimmering altar of Xom.
 64868 | Depths:2 | Noticed Hazorath's ghost (adept TrFi)
 64869 | Depths:2 | Reached skill level 15 in Fighting
 64869 | Depths:2 | Gained mutation: Your magical and physical power is
                  | slightly enhanced at high health. [demonic ancestry]
 64869 | Depths:2 | Reached XP level 23. HP: 182/182 MP: 34/34
 64870 | Depths:2 | Reached skill level 16 in Fighting
 64870 | Depths:2 | Gained mutation: You are powered by pain. [demonic
                  | ancestry]
 64870 | Depths:2 | Reached XP level 24. HP: 191/191 MP: 34/34
 64894 | Depths:2 | Found a one-way gate leading to the halls of Pandemonium.
 65601 | Depths:3 | Found a shimmering blue altar of Sif Muna.
 65604 | Depths:3 | Found a one-way gateway to a ziggurat.
 65795 | Depths:3 | Found a hide-covered altar of Uskayaw.
 65802 | Depths:3 | Reached XP level 25. HP: 199/199 MP: 30/34
 66145 | Depths:3 | Identified the +9 hunting sling "Baikkumet" {venom, +Blink
                  | rC+}
 66293 | Depths:3 | Found an opulent altar of Gozag.
 66353 | Depths:3 | Reached skill level 17 in Fighting
 66721 | Depths:3 | Found a burning altar of Makhleb.
 66953 | Depths:4 | Entered Level 4 of the Depths
 67593 | Depths:4 | Found a gate to the Realm of Zot.
 68353 | Vaults:5 | Entered Level 5 of the Vaults
 68367 | Vaults:5 | Reached skill level 10 in Spellcasting
 68415 | Vaults:5 | Noticed an ancient lich
 68421 | Vaults:5 | Killed an ancient lich
 68422 | Vaults:5 | Reached skill level 18 in Fighting
 68422 | Vaults:5 | Gained mutation: Your magical and physical power is
                  | enhanced at high health. [demonic ancestry]
 68422 | Vaults:5 | Reached XP level 26. HP: 207/211 MP: 32/37
 68454 | Vaults:5 | Got a silver rune of Zot
 68464 | Vaults:5 | Learned a level 2 spell: Passwall
 69060 | Vaults:5 | Noticed an ancient lich
 69065 | Vaults:5 | Killed an ancient lich
 69066 | Vaults:5 | Reached skill level 19 in Fighting
 69066 | Vaults:5 | Reached skill level 10 in Dodging
 69838 | Vaults:5 | Identified the ring "Hiotz" {Will+ MP+9 Str+3}
 70149 | D:11     | Noticed Snorg
 70170 | D:11     | Killed Snorg
 70374 | Slime:1  | Entered Level 1 of the Pits of Slime
 70399 | Slime:1  | Reached skill level 20 in Fighting
 70442 | Slime:2  | You fall into a shaft and drop 1 floor!
 70553 | Slime:4  | Gained mutation: Your magical capacity is low. (-10% MP) [a
                  | shining eye]
 70610 | Slime:5  | Entered Level 5 of the Pits of Slime
 70769 | Slime:5  | Gained mutation: You sometimes lose the ability to read
                  | scrolls when taking damage. [a shining eye]
 70769 | Slime:5  | Lost mutation: Your magical capacity is low. (-10% MP) [a
                  | shining eye]
 70771 | Slime:5  | Gained mutation: You are frail. (-10% HP) [a shining eye]
 70771 | Slime:5  | Gained mutation: Your magical capacity is low. (-10% MP) [a
                  | shining eye]
 70773 | Slime:5  | Reached skill level 21 in Fighting
 70773 | Slime:5  | Gained mutation: You are clumsy. (Dex -2) [a shining eye]
 70774 | Slime:5  | Lost mutation: You are frail. (-10% HP) [a shining eye]
 70830 | Slime:5  | Lost mutation: You are clumsy. (Dex -2) [potion of
                  | mutation]
 70830 | Slime:5  | Lost mutation: Your magical capacity is low. (-10% MP)
                  | [potion of mutation]
 70831 | Slime:5  | Lost mutation: You sometimes lose the ability to read
                  | scrolls when taking damage. [potion of mutation]
 70831 | Slime:5  | Lost mutation: You passively dampen the noise of your
                  | surroundings. [potion of mutation]
 70831 | Slime:5  | Gained mutation: You are frail. (-10% HP) [potion of
                  | mutation]
 70831 | Slime:5  | Gained mutation: Your system is resistant to poisons.
                  | (rPois) [potion of mutation]
 70832 | Slime:5  | Lost mutation: You are frail. (-10% HP) [potion of
                  | mutation]
 70832 | Slime:5  | Lost mutation: Your system is resistant to poisons. (rPois)
                  | [potion of mutation]
 70832 | Slime:5  | Lost mutation: Armour fits poorly on your strangely shaped
                  | body. [potion of mutation]
 70843 | Slime:5  | Found a viscous altar of Jiyva.
 70845 | Slime:5  | Noticed the Royal Jelly
 70877 | Slime:5  | Killed the Royal Jelly
 70898 | Slime:5  | Got the Volume of Glacial Glamour
 70917 | Slime:5  | Identified the +0 short sword of Xacaimu {flame, rF+}
 70973 | Slime:5  | Got a slimy rune of Zot
 71001 | Slime:5  | Got the Incunabulum of Evil Rituals and Cold
 71010 | Slime:5  | Acquired a +1 tower shield of protection
 71238 | Snake:4  | Bought a book of Annihilations for 720 gold pieces
 71238 | Snake:4  | Bought a manual of Long Blades for 960 gold pieces
 71238 | Snake:4  | Bought a book of Fire for 528 gold pieces
 71247 | Snake:4  | Learned a level 8 spell: Ignition
 71609 | Zot:1    | Entered Level 1 of the Realm of Zot
 72688 | Zot:2    | Identified the +2 chain mail of the Bard {Will+ Str+8 Int+3
                  | Dex-4}
 72842 | Zot:2    | Gained mutation: Your magical and physical power is greatly
                  | enhanced at high health. [demonic ancestry]
 72842 | Zot:2    | Reached XP level 27. HP: 231/231 MP: 37/37
 72844 | Zot:2    | Reached skill level 22 in Fighting
 72853 | Zot:2    | Reached skill level 15 in Dodging
 72867 | Zot:2    | Noticed an orb of fire
 72870 | Zot:2    | Noticed an orb of fire
 72871 | Zot:2    | Gained mutation: You occasionally shout uncontrollably at
                  | your foes. [an orb of fire]
 72875 | Zot:2    | Gained mutation: You frequently scream uncontrollably at
                  | your foes. [an orb of fire]
 72876 | Zot:2    | Gained mutation: You are weak. (Str -2) [an orb of fire]
 72879 | Zot:2    | Killed an orb of fire
 72881 | Zot:2    | Gained mutation: You sometimes lose the ability to read
                  | scrolls when taking damage. [an orb of fire]
 72882 | Zot:2    | Killed an orb of fire
 72891 | Zot:2    | Noticed an ancient lich
 72895 | Zot:2    | Killed an ancient lich
 72896 | Zot:2    | Reached skill level 10 in Fire Magic
 74405 | Zot:3    | Reached skill level 15 in Fire Magic
 75634 | Zot:4    | Acquired the +1 pair of boots of Ojumniph {rElec rC+ SInv}
 75769 | Zot:5    | Entered Level 5 of the Realm of Zot
 76214 | Zig:1    | Entered Level 1 of a ziggurat
 76237 | Zig:2    | Entered Level 2 of a ziggurat
 76260 | Zig:3    | Entered Level 3 of a ziggurat
 76348 | Zig:4    | Entered Level 4 of a ziggurat
 76387 | Zig:5    | Entered Level 5 of a ziggurat
 76399 | Zig:5    | Noticed Zoxkeen the pandemonium lord
 76417 | Zig:5    | Killed Zoxkeen the pandemonium lord
 76450 | Zig:5    | Identified the +6 short sword of Ambiguity {holy, rPois
                  | Str+3}
 76477 | Zig:6    | Entered Level 6 of a ziggurat
 76480 | Zig:6    | Noticed a juggernaut
 76486 | Zig:6    | Killed a juggernaut
 76494 | Zig:6    | Got Fasozxung's Tome of Spatial Calling
 76501 | Zig:7    | Entered Level 7 of a ziggurat
 76530 | Zig:7    | Identified the +2 ring mail of Defence {Dex+4}
 76531 | Zig:7    | Identified the +3 rapier of Vivvuc {flame, rCorr Str-2
                  | Dex+5}
 76558 | Zig:8    | Entered Level 8 of a ziggurat
 76596 | Zig:9    | Entered Level 9 of a ziggurat
 76613 | Zig:9    | Found the +8 demon blade "Leech" {vamp, Harm Drain rN+}
 76632 | Zig:9    | Identified the amulet "Bovozy" {Reflect rPois Str+2 SH+5}
 76642 | Zig:9    | Identified the +3 scale mail of Fortification {rF+}
 76649 | Zig:10   | Entered Level 10 of a ziggurat
 76702 | Zig:10   | Identified the +8 chain mail "Lusoicwe" {Rampage rF+}
 76727 | Zig:11   | Entered Level 11 of a ziggurat
 76764 | Zig:11   | Identified the +2 flail "Ymeluohe" {protect, rElec rF++
                  | Will-}
 76774 | Zig:11   | Identified the +1 robe of Midwinter {Str+4}
 76779 | Zig:12   | Entered Level 12 of a ziggurat
 76851 | Zig:12   | Identified the +5 short sword of the Lurker {vamp, Str+6}
 76866 | Zig:12   | Acquired the +1 pair of gloves of the Little Devil {+Inv
                  | Will+}
 76867 | Zig:12   | Acquired the ring "Ajurun" {rF+ rN+ Slay+5}
 76868 | Zig:12   | Acquired the ring of Xom's Full Attention {rC+ Int+6}
 76893 | Zig:13   | Entered Level 13 of a ziggurat
 76988 | Zig:14   | Entered Level 14 of a ziggurat
 77096 | Zig:14   | Identified the ring "Xoanonic" {Contam +Blink Fly rN++
                  | Int+4}
 77100 | Zig:14   | Identified the +6 hand crossbow of the Median {penet,
                  | Stlth+}
 77113 | Zig:14   | Learned a level 9 spell: Shatter
 77114 | Zig:15   | Entered Level 15 of a ziggurat
 77206 | Zig:16   | Entered Level 16 of a ziggurat
 77217 | Zig:16   | Cast into level 3 of the Abyss (a deep elf sorcerer)
 77218 | Abyss:3  | Reached skill level 15 in Earth Magic
 77236 | Zig:16   | Escaped the Abyss
 77291 | Zig:16   | Identified the +8 dagger of the Fifty Allies {drain, rN++}
 77294 | Zig:16   | Identified the +0 scale mail "Syzub" {Str+3}
 77303 | Zig:17   | Entered Level 17 of a ziggurat
 77325 | Zig:17   | Paralysed by a wendigo for 1 turns
 77340 | Zig:17   | Identified the ring of Tesmuun {Drain rPois rC++ Will+
                  | rCorr}
 77368 | Zig:18   | Entered Level 18 of a ziggurat
 77389 | Zig:18   | Noticed Sossyi the pandemonium lord
 77393 | Zig:18   | Lost mutation: You sometimes lose the ability to read
                  | scrolls when taking damage. [potion of mutation]
 77393 | Zig:18   | Lost mutation: You frequently scream uncontrollably at your
                  | foes. [potion of mutation]
 77393 | Zig:18   | Gained mutation: You are clumsy. (Dex -2) [potion of
                  | mutation]
 77393 | Zig:18   | Gained mutation: Your mind is acute. (Int +2) [potion of
                  | mutation]
 77393 | Zig:18   | Gained mutation: Your spells are a little harder to cast,
                  | but a little more powerful. [potion of mutation]
 77400 | Zig:18   | HP: 11/231 [??? (6)]
 77400 | Zig:18   | Killed from afar by a balrug

Illustrated notes

Levels and vault maps discovered:
D:1:      lemuel_arrival_river_passageway, layout_loops_ring, minmay_tromino_i4
D:2:      layout_loops_ring, serial_shops, shop, nicolae_lakefront_shop,
          nicolae_square_shop, shop, nicolae_shop_stone
D:3:      layout_loops_corners, ebering_ecumenical_altar_rust,
          chequers_serial_rivers_micro_e, corexii_corridor_pit, fountainhead,
          skrybe_limestone_x, uniq_robin, uniq_crazy_yiuf_cottage
D:4:      layout_cave_pods, grunt_temple_overflow_growth_and_decay,
          serial_undead, serial_undead_c, serial_undead_c, serial_undead_c,
          serial_undead_c
D:5:      layout_basic, hangedman_decor_lopped
D:6:      layout_basic, enter_ossuary_1
D:7:      layout_basic, minmay_temple_entry_proselytizer,
          nicolae_zen_rock_garden
D:8:      layout_basic, mainiacjoe_overflow_small_starburst, uniq_maurice,
          uniq_grum, uniq_erica, uniq_joseph, uniq_harold
D:9:      layout_grid_maze, nicolae_overflow_squiral, erik_lair_island,
          enter_bailey_5, minmay_protected_statue, uniq_pikel
D:10:     layout_roguey, gammafunk_temple_overflow_forgotten
D:11:     layout_loops_corners, orc_0_dummy, gammafunk_ghost_nasty_kobolds,
          minmay_diced_spiral, uniq_snorg
D:12:     layout_rooms, nrook_campfire, uniq_josephine
D:13:     layout_rooms, uniq_sonja
D:14:     layout_basic, skrybe_vaults_entry_preservation, zin_angel,
          minmay_guarded_unrand_finisher, uniq_nessos, uniq_rupert
D:15:     gammafunk_depths_entry_grave, layout_cave_pools, amethyst_killhole,
          minmay_diamond_spiral, uniq_kirke
Temple:   dpeg_chambers_temple
Lair:1:   layout_regular_city
Lair:2:   layout_regular_city, minmay_snake_entry_six_corridors,
          grunt_megastairs_5
Lair:3:   layout_chaotic_city, minmay_shoals_entry_beasts,
          gammafunk_ghost_grave, uniq_gastronok, uniq_urug
Lair:4:   layout_regular_city, chequers_serial_rivers_marsh
Lair:5:   layout_gridlike, dpeg_slime_entry_enclosed_altar, nzn_ghost_randoct
Lair:6:   hellmonk_lair_end_abyssal_woods, layout_regular_city,
          portal_ice_cave_demonic_guard, gauntlet_entry_generic,
          lemuel_fruit_tree
Shoals:1: layout_shoals, hangedman_shoals_cup_caves
Shoals:2: cheibrodos_shoals_epimethial_gifts, layout_shoals,
          ebering_ghost_disaster_area
Shoals:3: cheibrodos_shoals_oceanic_diplomacy, layout_shoals, serial_shops,
          shop, st_cyclops, uniq_mara, uniq_donald
Shoals:4: shoals_end_grunt_ice, layout_shoals
Snake:1:  layout_rooms, nicolae_shop_gadgets, uniq_roxanne, uniq_aizul,
          uniq_nikola
Snake:2:  layout_chambers, lemuel_oklob_altar
Snake:3:  layout_grid_maze, special_room, gammafunk_ghost_grave
Snake:4:  minmay_snake_end_coiled, layout_gridlike, minmay_shop_grove,
          uniq_vashnia
Slime:1:  layout_caves, cheibrodos_slime_lost_civilization_6
Slime:2:  layout_caves
Slime:3:  cheibrodos_slime_lost_civilization_1, layout_caves
Slime:4:  layout_caves
Slime:5
Orc:1:    layout_caves, serial_shops, nicolae_shop_crystal,
          nicolae_lakefront_shop, shop, shop, shop,
          minmay_shop_enchanted_jewellery
Orc:2:    st_orc_pillars, layout_caves
Elf:1:    nicolae_elf_arrival_no_cutting_in_line, layout_loops_cross,
          basic_altar, serial_shops, nicolae_shop_advertising_works
          [nicolae_subvault_shop_adworks], orc_legates
Elf:2:    elven_hall_of_blades_hangedman_original
          [nicolae_blade_entry_splitting_headache], layout_geoelf_diagonals,
          nicolae_elf_m_pinch, dreamdust_deal_with_the_devil
Elf:3:    grunt_elf_hall_asides, layout_geoelf_grid, special_room
          [special_room_orc], basic_altar, serial_shops, shop,
          hangedman_elven_pyramids
Vaults:1: grunt_vaults_twisty, dpeg_vaults_monster_box, v_rooms_5,
          nicolae_vaults_angled_halls, v_misc_10, v_misc_25, layout_vaults_ring,
          serial_shops, nicolae_lakefront_shop
Vaults:2: v_misc_2, vaults_standard_mumra_lines, minmay_crypt_entry_necro_gods,
          nicolae_vaults_mini_display_case, v_rooms_3,
          nicolae_vaults_three_branches, ontoclasm_vaults_fault,
          ontoclasm_vaults_gateway, nicolae_vaults_alarming,
          layout_vaults_big_room
Vaults:3: v_pattern_4, nicolae_vaults_what_the_h, v_alt_pattern_6,
          nicolae_vaults_circle_grid_a, v_misc_19, vaults_mumra_hex,
          ontoclasm_vaults_loading_screen, ontoclasm_vaults_gallery,
          vaults_room_corners, vaults_room_pools, layout_vaults_omnigrid,
          uniq_bai_suzhen, uniq_sojobo
Vaults:4: st_lines, vaults_room_octagon, v_misc_12, v_misc_18,
          grunt_vaults_hallway_short, vaults_room_corners, v_misc_3,
          v_alt_pattern_1, vaults_dpeg_doors, v_misc_16,
          nicolae_vaults_little_squares_6, layout_vaults_omnicross, uniq_xtahua
Vaults:5
Depths:1: layout_roguey, nicolae_hell_entry_hellmouth_sunbeams, serial_shops,
          nicolae_lakefront_shop, chequers_decorated_corner,
          abyss_entry_small_statue_room, nicolae_danse_macabre
Depths:2: minmay_bloctagon_deflated, layout_cave_shapes, rand_demon_pan_entry_7,
          hangedman_tar_grid_catacomb, hellmonk_bongcloud_opening,
          ebering_ghost_xom, minmay_shoptagon,
          minmay_staircase_statues_hall_small, serial_bayou_shore_b,
          firewood_loft
Depths:3: grunt_profane_halls [grunt_profane_temple_coc,
          grunt_profane_temple_geh, grunt_profane_temple_dis,
          grunt_profane_temple_tar, grunt_profane_loot], hell_entry, abyss_entry
Depths:4: grunt_zot_entry_gee_three, layout_long_grid, grunt_pan_entry_zigzag,
          hell_entry
Zot:1:    layout_concentric_octagons
Zot:2:    grunt_deathspiral_small, layout_onion_interference, grunt_ministairs_7
Zot:3:    layout_cathedral_of_symmetry
Zot:4:    layout_misc_corridors, hangedman_zot_diagonal_lockstep,
          grunt_ministairs_6
Zot:5:    layout_misc_corridors
Zig:18

Skill      XL: |  1  2  3  4  5  6  7  8  9 10 11 12 13 14 15 16 17 18 19 20 21 22 23 24 25 26 27 |
---------------+----------------------------------------------------------------------------------+-----
Throwing       | 1 2 3 4 7 8 10 12 | 12.0
Short Blades   | 2 4 5 6 |  6.2
Dodging        | 2 4 8 14 15 | 15.0
Translocations | 3 5 6 |  6.1
Stealth        | 1 2 |  2.3
Shields        | 4 5 11 15 | 15.0
Evocations     | 1 2 4 7 10 11 13 14 | 14.0
Fighting       | 5 6 7 9 11 12 14 15 16 18 21 22 | 22.0
Armour         | 1 4 |  4.2
Long Blades    | 1 5 9 11 13 14 15 19 | 19.3
Invocations    | 5 9 10 11 14 15 18 | 18.0
Poison Magic   | 4 5 |  5.0
Fire Magic     | 4 5 7 20 | 20.0
Spellcasting   | 3 5 6 7 10 | 10.0
Transmutations | 5 10 13 14 | 14.0
Earth Magic    | 5 10 13 14 17 | 17.1

Action                   |  1- 3 |  4- 6 |  7- 9 | 10-12 | 13-15 | 16-18 | 19-21 | 22-24 | 25-27 || total
-------------------------+-------+-------+-------+-------+-------+-------+-------+-------+-------++-------
Melee: Short sword       |   162 |   348 |   321 |       |       |       |       |       |       ||   831
       Falchion          |       |       |   115 |   705 |  1227 |     8 |       |       |       ||  2055
       Unarmed           |       |       |    28 |       |       |       |       |       |       ||    28
       Scimitar          |       |       |       |       |       |   822 |       |       |       ||   822
       Double sword      |       |       |       |       |       |    45 |  1574 |   471 |  1681 ||  3771
Throw: Dart              |     9 |    21 |    28 |    32 |    78 |    46 |   109 |       |       ||   323
       Boomerang         |       |     2 |   189 |   164 |   297 |   711 |    44 |    14 |    14 ||  1435
       Throwing net      |       |       |     1 |       |     1 |       |       |       |       ||     2
       Javelin           |       |       |       |       |       |     7 |       |     3 |    28 ||    38
 Cast: Blink             |       |     7 |    14 |    12 |    13 |     9 |     5 |     5 |     8 ||    73
       Ignite Poison     |       |       |       |       |     9 |     4 |    19 |       |     3 ||    35
       Statue Form       |       |       |       |       |       |       |    45 |    26 |    87 ||   158
       Ignition          |       |       |       |       |       |       |       |       |    26 ||    26
Invok: Slouch            |       |       |       |       |    10 |    12 |     2 |     1 |     1 ||    26
       Temporal Distorti |       |       |       |       |     1 |       |       |     1 |       ||     2
       Step From Time    |       |       |       |       |       |     1 |       |       |     4 ||     5
 Abil: End Transformatio |       |       |       |       |       |       |     2 |       |     2 ||     4
Evoke: Wand              |       |       |     5 |     4 |     7 |    15 |     1 |       |     1 ||    33
       Tin of tremorston |       |       |       |       |     3 |     8 |     5 |       |     3 ||    19
       Phantom mirror    |       |       |       |       |     2 |       |       |       |     1 ||     3
       Box of beasts     |       |       |       |       |     1 |     2 |       |       |     1 ||     4
       Condenser vane    |       |       |       |       |       |       |     3 |     1 |     4 ||     8
  Use: Scroll            |     5 |     1 |    11 |     5 |     7 |     7 |     8 |     2 |    12 ||    58
       Potion            |       |     5 |    11 |     2 |     4 |     5 |     4 |     2 |     9 ||    42
 Stab: Sleeping          |       |       |     5 |       |     4 |     3 |    11 |     4 |     5 ||    32
       Held in net/web   |       |       |       |       |     2 |       |       |       |       ||     2
       Distracted        |       |       |       |       |     1 |     1 |     2 |     1 |     2 ||     7
       Petrified         |       |       |       |       |     3 |       |       |       |     1 ||     4
       Petrifying        |       |       |       |       |     1 |       |       |       |       ||     1
       Paralysed         |       |       |       |       |       |     3 |       |       |       ||     3
Armor: Leather armour    |    54 |    64 |       |       |       |       |       |       |       ||   118
       Robe              |       |    10 |    49 |       |       |       |       |       |       ||    59
       Skin              |       |       |    17 |       |       |       |   277 |   168 |   618 ||  1080
       Ring mail         |       |       |    43 |   179 |   296 |   126 |    69 |       |       ||   713
       Troll leather arm |       |       |       |       |       |    46 |    36 |    11 |    87 ||   180
       Storm dragon scal |       |       |       |       |       |       |     1 |       |       ||     1
Dodge: Dodged            |   123 |   218 |   244 |   317 |   485 |   519 |  1149 |   407 |  1802 ||  5264
       Repelled          |       |       |       |       |       |    28 |    31 |     3 |    67 ||   129
Block: Other             |       |    48 |    16 |       |       |       |       |       |       ||    64
       Buckler           |       |       |   148 |   270 |   574 |   617 |       |       |       ||  1609
       Reflection        |       |       |       |       |    28 |   103 |   162 |    11 |    14 ||   318
       Kite shield       |       |       |       |       |       |    58 |  2211 |   699 |  2345 ||  5313

Table legend: (Time is in decaauts)
 A = Elapsed time spent in this place.
 B = Non-inter-level travel time spent in this place.
 C = Inter-level travel time spent in this place.
 D = Time resting spent in this place.
 E = Time spent auto-exploring this place.
 F = Levels seen in this place.
 G = Mean time per level.
                   A        B        C        D        E       F      G
               +--------+--------+--------+--------+--------+-----+--------+
         Total | 108551 |  97986 |  10565 |   4584 |  70290 |  79 | 1374.1 |
       Dungeon |  26822 |  22883 |   3939 |   2313 |  16397 |  15 | 1788.1 |
        Temple |    227 |    204 |     23 |      0 |    192 |   1 |  227.0 |
          Lair |  15628 |  13201 |   2427 |    105 |  11103 |   6 | 2604.7 |
        Shoals |   6989 |   6531 |    458 |    109 |   4380 |   4 | 1747.2 |
     Snake Pit |   9557 |   8917 |    640 |    147 |   7425 |   4 | 2389.2 |
    Slime Pits |   1288 |   1155 |    133 |     45 |     90 |   5 |  257.6 |
  Orcish Mines |   4346 |   3891 |    455 |    423 |   2757 |   2 | 2173.0 |
   Elven Halls |   7006 |   6766 |    240 |     10 |   5243 |   3 | 2335.3 |
        Vaults |  12363 |  11486 |    877 |     59 |   8673 |   5 | 2472.6 |
        Depths |  10033 |   9144 |    889 |      0 |   6951 |   4 | 2508.2 |
           Zot |   8155 |   7675 |    480 |      0 |   6193 |   5 | 1631.0 |
         Abyss |   1218 |   1218 |      0 |    360 |     49 |   4 |  304.5 |
      Ziggurat |   2187 |   2187 |      0 |     24 |    218 |  18 |  121.5 |
       Ossuary |    782 |    782 |      0 |    165 |    205 |   1 |  782.0 |
        Bailey |   1122 |   1122 |      0 |    264 |    413 |   1 | 1122.0 |
      Gauntlet |    820 |    820 |      0 |    559 |      0 |   1 |  820.0 |
               +--------+--------+--------+--------+--------+-----+--------+

Top non-repeatable levels by time:
 Snake:4: 3356 daAuts
   Orc:2: 3310 daAuts
  Lair:6: 3141 daAuts
 Snake:2: 2949 daAuts
  Lair:1: 2894 daAuts
  Lair:3: 2878 daAuts
   Elf:1: 2811 daAuts
Depths:2: 2791 daAuts
     D:9: 2788 daAuts
    D:14: 2772 daAuts
Vaults:5: 2762 daAuts
Depths:3: 2660 daAuts
Vaults:3: 2610 daAuts
    D:11: 2532 daAuts
  Lair:2: 2532 daAuts
